 Dungeon Crawl Stone Soup version 0.31-a0-631-g285b096dc4 (webtiles) character file.

Game seed: 1790977771105072477

67 Newt the Trooper (level 4, -2/31 HPs)
             Began as a Gargoyle Fighter on Aug 25, 2023.
             Slain by an ogre
             ... wielding a +0 giant club
              (15 damage)
             ... on level 4 of the Dungeon.
             The game lasted 00:02:03 (1616 turns).

Newt the Trooper (Gargoyle Fighter)                 Turns: 1616, Time: 00:02:03

Health: -2/31      AC: 11    Str: 22    XL:     4   Next: 18%
Magic:  4/4        EV:  9    Int:  8    God:
Gold:   1033       SH:  4    Dex:  9    Spells: 3/3 levels left

rFire   . . .        a - +1 flail
rCold   . . .        c - +0 buckler
rNeg    + . .        b - +0 scale mail
rPois   ∞            (no helmet)
rElec   +            (no cloak)
rCorr   .            g - +0 pair of gloves
SInv    .            (no boots)
Will    .....        (no amulet) Stlth
                     (no ring)
HPRegen 0.25/turn    (no ring)
MPRegen 0.09/turn

%: no passive effects
@: invisible
A: sickness immunity, AC +3, negative energy resistance 1, electricity
resistance, torment resistance 1, petrification resistance
a: no special abilities


You were on level 4 of the Dungeon.
You visited 1 branch of the dungeon, and saw 4 of its levels.

You collected 1033 gold pieces.

Inventory:

Hand Weapons
 a - a +1 flail (weapon)
Armour
 b - a +0 scale mail (worn)
 c - a +0 buckler (worn)
 g - a +0 pair of gloves (worn)
Scrolls
 d - a scroll of amnesia
 e - 2 scrolls of vulnerability
 f - a scroll of teleportation
 j - 2 scrolls of immolation
Potions
 i - a potion of enlightenment


   Skills:
 - Level 5.0 Fighting
 + Level 2.7 Maces & Flails
 - Level 3.2 Armour
 - Level 3.2 Shields


You had 3 spell levels left.
You didn't know any spells.
Your spell library contained the following spells:

 Spells                   Type           Power      Damage    Failure   Level
 Dazzling Flash           Conj/Hex       0%         N/A       99%         3
 Hailstorm                Conj/Ice       0%         3d3       99%         3
 Summon Ice Beast         Ice/Summ       0%         N/A       100%        4
 Agony                    Necr           0%         N/A       100%        5
 Silence                  Hex/Air        0%         N/A       100%        5
 Simulacrum               Ice/Necr       0%         N/A       100%        6


Dungeon Overview and Level Annotations

Branches:
Dungeon (3/15)

Altars:
Fedhas

Shops:
D:2 (   D:3 (


Innate Abilities, Weirdness & Mutations

You are immune to sickness and miasma.
Your stone body is resilient. (AC +3)
You are immune to poison.
You resist negative energy. (rN+)
You are resistant to electric shocks. (rElec)
You are resistant to unholy torment.
You are immune to petrification.


Message History

You thump the rat!
You kill the rat!
No target in view!
No target in view!
No target in view!
No target in view!
Found a stone staircase leading up.
No target in view!
A sourceless malevolence fills the Dungeon...
You fall into a shaft and drop 1 floor!
The shaft crumbles and collapses.
You open the door.
There is an open door here.
An ogre comes into view. It is wielding a +0 giant club.
The ogre moves out of view.
An ogre is nearby!
Okay, then.
Okay, then.
Okay, then.
It was a potion of invisibility.
You fade into invisibility!
You sock the ogre!
The ogre is moderately wounded.
The ogre hits you with a +0 giant club.
You barely miss the ogre.
The ogre is moderately wounded.
The ogre barely misses you.
You thump the ogre!
The ogre is severely wounded.
You barely miss the ogre.
The ogre is severely wounded.
The ogre closely misses you.
You barely miss the ogre.
The ogre is severely wounded.
The ogre hits you with a +0 giant club!
Ouch! That really hurt!
You hit the ogre.
The ogre is almost dead.
The ogre hits you with a +0 giant club!
You die...

#. #. ###..
....
...#####
#.....###..
#..O.......
#..@..#
#.....#
#.....#
#.....#
#.....#
#'##### #.#
#.#
########.#


You could see an ogre (unable to see you).

Vanquished Creatures
  A worm (D:3)
  A dart slug (D:3)
  An orc (D:3)
  7 endoplasms
  5 giant cockroaches
  7 goblins
  4 hobgoblins
  7 jackals
  3 quokkas
  2 ball pythons
  6 bats
  3 frilled lizards
  4 rats
51 creatures vanquished.

Notes
Turn   | Place    | Note
-------+----------+-------------------------------------------
     0 | D:1      | Newt the Gargoyle Fighter began the quest for the Orb.
     0 | D:1      | Reached XP level 1. HP: 14/14 MP: 1/1
    95 | D:1      | Reached XP level 2. HP: 16/20 MP: 2/2
   142 | D:1      | Reached skill level 4 in Fighting
   587 | D:2      | Found a blossoming altar of Fedhas.
   591 | D:2      | Reached XP level 3. HP: 24/24 MP: 3/3
   818 | D:2      | Identified a scroll of acquirement
   819 | D:2      | Acquired 952 gold pieces
   953 | D:2      | Reached skill level 5 in Fighting
  1136 | D:2      | Found Ilupnyl's Weapon Shop.
  1381 | D:3      | Found a faded altar of an unknown god.
  1425 | D:3      | Found Jouxups's Antique Weapon Emporium.
  1430 | D:3      | Reached XP level 4. HP: 31/31 MP: 4/4
  1597 | D:3      | You fall into a shaft and drop 1 floor!
  1607 | D:4      | Noticed an ogre
  1616 | D:4      | Slain by an ogre

Illustrated notes

Levels and vault maps discovered:
D:1:      dpeg_arrival_renting, layout_basic
D:2:      layout_basic, basic_altar, serial_shops, nicolae_lakefront_shop
D:3:      layout_rooms, nemelex_dance_club_becter,
          ebering_ecumenical_altar_abandoned, serial_shops, shop, minivault_25,
          nicolae_titane
D:4:      layout_basic, led_xom_imps, moated_statue, uniq_crazy_yiuf_cottage

Skill      XL: |  1  2  3 |
---------------+----------+-----
Fighting       | 4 5 |  5.0
Maces & Flails | |  2.7
Armour         | |  3.2
Shields        | |  3.2

Action                     |  1- 3 |  4- 6 || total
---------------------------+-------+-------++-------
  Melee: Flail             |   106 |    17 ||   123
    Use: Scroll            |     8 |     1 ||     9
         Potion            |     1 |     1 ||     2
 Armour: Scale mail        |    59 |     6 ||    65
  Dodge: Dodged            |    64 |     3 ||    67
  Block: Buckler           |    28 |     2 ||    30

Table legend: (Time is in decaauts)
 A = Elapsed time spent in this place.
 B = Non-inter-level travel time spent in this place.
 C = Inter-level travel time spent in this place.
 D = Time resting spent in this place.
 E = Time spent auto-exploring this place.
 F = Levels seen in this place.
 G = Mean time per level.
                   A        B        C        D        E       F      G
               +--------+--------+--------+--------+--------+-----+--------+
         Total |   1654 |   1601 |     53 |    105 |   1141 |   4 |  413.5 |
       Dungeon |   1654 |   1601 |     53 |    105 |   1141 |   4 |  413.5 |
               +--------+--------+--------+--------+--------+-----+--------+

Top non-repeatable levels by time:
     D:2: 758 daAuts
     D:1: 520 daAuts
     D:3: 355 daAuts
     D:4: 20 daAuts
